 Dungeon Crawl Stone Soup version 0.30.1 (webtiles) character file.

Game seed: 11827168883192564915

6227 boopmooplesden the Cruncher (level 10, 0/64 HPs)
             Began as a Gargoyle Gladiator on July 13, 2023.
             Was an Elder of Okawaru.
             Slain by a boulder beetle (16 damage)
             ... on level 9 of the Dungeon.
             The game lasted 00:10:06 (7537 turns).

boopmooplesden the Cruncher (Gargoyle Gladiator)    Turns: 7537, Time: 00:10:08

Health: 0/64       AC: 30    Str: 22    XL:     10   Next: 92%
Magic:  10/10      EV:  7    Int:  9    God:    Okawaru [****..]
Gold:   271        SH:  0    Dex: 11    Spells: 9/9 levels left

rFire   + . .        o - +3 lajatang of Supply {drain, rElec rF+ rCorr Stlth-}
rCold   . . .        (shield currently unavailable)
rNeg    + . .        h - +1 plate armour
rPois   ∞            k - +1 helmet
rElec   +            v - +1 cloak
rCorr   +            f - +0 pair of gloves
SInv    .            i - +2 pair of boots
Will    .....        (no amulet) Stlth
                     (no ring)
HPRegen 0.30/turn    (no ring)
MPRegen 0.12/turn

%: no passive effects
@: confused
A: sickness immunity, AC +7, negative energy resistance 1, electricity
resistance, torment resistance 1, petrification resistance
a: Renounce Religion, Heroism, Finesse


You were on level 9 of the Dungeon.
You worshipped Okawaru.
Okawaru was greatly pleased with you.
You visited 1 branch of the dungeon, and saw 9 of its levels.

You collected 427 gold pieces.
You spent 156 gold pieces at shops.

Inventory:

Hand Weapons
 a - a +0 quarterstaff
 o - the +3 lajatang of Supply (weapon) {drain, rElec rF+ rCorr Stlth-}
   (You acquired it on level 5 of the Dungeon)

   rF:        It protects you from fire.
   rElec:     It insulates you from electricity.
   rCorr:     It protects you from acid and corrosion.
   Stlth:     It makes you less stealthy.
 u - a +5 quarterstaff of chaos
Missiles
 d - 2 throwing nets (quivered)
 e - a javelin
Armour
 b - the +0 ring mail of Mezcal {Str+4}
   (You found it on level 2 of the Dungeon)

   Str:       It affects your strength (+4).
 c - a +0 helmet
 f - a +0 pair of gloves (worn)
 h - a +1 plate armour (worn)
 i - a +2 pair of boots (worn)
 k - a +1 helmet (worn)
 v - a +1 cloak (worn)
 C - a +0 helmet of see invisible
 I - a scarf of shadows
Jewellery
 g - an amulet of guardian spirit
 w - a ring of flight
 B - a ring of willpower
Wands
 G - a wand of paralysis (3)
Scrolls
 j - 2 scrolls of immolation
 q - a scroll of identify
 r - 4 scrolls of noise
 y - 2 scrolls of teleportation
 z - 3 scrolls of amnesia
 F - a scroll of fog
Potions
 l - 2 potions of degeneration
 m - 4 potions of flight
 n - a potion of haste {unknown}
 p - 3 potions of curing {unknown}
 s - a potion of mutation {unknown}
 t - a potion of brilliance {unknown}
 x - 3 potions of might {unknown}
 A - a potion of cancellation {unknown}
 D - a potion of ambrosia {unknown}
 E - 3 potions of attraction {unknown}
 H - 2 potions of magic {unknown}
 J - a potion of heal wounds {unknown}


   Skills:
 + Level 7.7 Fighting
 + Level 12.9 Staves
 + Level 1.8 Throwing
 + Level 6.8 Armour
 + Level 3.8 Dodging
 + Level 1.4 Stealth
 + Level 0.6 Invocations


You had 9 spell levels left.
You didn't know any spells.
Your spell library contained the following spells:

 Spells                   Type           Power      Damage    Failure   Level
 Necrotise                Necr           0%         1d4       100%        1
 Vampiric Draining        Necr           0%         2d6       100%        3
 Cause Fear               Hex            0%         N/A       100%        4
 Leda's Liquefaction      Hex/Erth       0%         N/A       100%        4
 Petrify                  Tmut/Erth      0%         N/A       100%        4
 Agony                    Necr           0%         N/A       100%        5
 Blade Hands              Tmut           0%         N/A       100%        5
 Lee's Rapid Deconstruct  Erth           0%         3d4*      100%        5
 Metabolic Englaciation   Hex/Ice        0%         N/A       100%        5
 Iron Shot                Conj/Erth      0%         9d1       100%        6
 Dragon Form              Tmut           0%         N/A       100%        7
 Animate Armour           Summ/Erth      Unusable   N/A       N/A         4
 Statue Form              Tmut/Erth      Unusable   N/A       N/A         6
 Dragon's Call            Summ           Unusable   N/A       N/A         9

Dungeon Overview and Level Annotations

Branches:
Dungeon (9/15)             Temple (0/1) D:5            Lair (0/5) D:9
    Orc: D:9-12

Altars:
Cheibriados
Hepliaklqana
Okawaru
Trog
Xom

Shops:
D:7 (   D:8 *


Innate Abilities, Weirdness & Mutations

You are immune to sickness and miasma.
Your stone body is resilient. (AC +7)
You are immune to poison.
You resist negative energy. (rN+)
You are resistant to electric shocks. (rElec)
You are resistant to unholy torment.
You are immune to petrification.


Message History

The tengu warrior is severely wounded.
Something hits you. The boulder beetle bites you!
You closely miss the tengu warrior.
The tengu warrior is severely wounded.
The tengu warrior hits you but does no damage.
The tengu warrior pecks you but does no damage.
The tengu warrior claws you but does no damage.
The tengu warrior blocks your attack.
The tengu warrior is severely wounded.
An orc wizard appears from thin air!
Reactivating autopickup.
The boulder beetle bites you.
The orc wizard points at you and mumbles some strange words.
You are confused.
The tengu warrior hits you with a +0 broad axe.
* * * LOW HITPOINT WARNING * * *
The tengu warrior pecks you but does no damage.
The tengu warrior claws you but does no damage.
You are too confused!
You miss the tengu warrior.
The tengu warrior is severely wounded.
The boulder beetle bites you but does no damage.
The orc wizard mumbles some strange words.
The orc wizard flickers and vanishes!
Deactivating autopickup; reactivate with Ctrl-A.
The tengu warrior hits you but does no damage.
The tengu warrior pecks you but does no damage.
The tengu warrior claws you but does no damage.
You hit the tengu warrior but do no damage.
The tengu warrior is severely wounded.
Something hits you but does no damage.
The boulder beetle bites you but does no damage.
The tengu warrior hits you but does no damage.
The tengu warrior pecks you.
* * * LOW HITPOINT WARNING * * *
The tengu warrior claws you but does no damage.
You hear some strange, mumbled words.
You are more confused.
The boulder beetle bites you!
You die...

#.##.. #.#.. ###
#######.#..###...
#..........#....
#......<..##...
#.........#...#
#.........#...# .##
#.........#...#.[..#
#..<.....@#.)....}..
#.......B)Q)#..#..}.
###'#####.{.#..# .
#.## ##..#.... #..#
#..##.... ##.#
....####...
#.####.#.... ...
#.#.......... ##
#...####.[....


You could see a boulder beetle and a tengu warrior (drained).

Vanquished Creatures
  Erica (D:8)
  Joseph (D:8)
  Psyche (D:8)
  A komodo dragon (D:9)
  A troll (D:9)
  A hornet (D:9)
  Prince Ribbit (D:8)
  A wraith (D:9)
  A wyvern (D:9)
  6 yaks (D:8)
  A basilisk (D:9)
  Grum (D:8)
  A steam dragon (D:8)
  Menkaure (D:6)
  An acid dragon (D:8)
  A water moccasin (D:9)
  An ice beast (D:5)
  An orc warrior (D:8)
  2 sky beasts (D:7)
  2 wolves (D:8)
  3 centaurs
  2 ogres
  A kobold brigand (D:7)
  2 bullfrogs (D:7)
  2 scorpions
  4 killer bees (D:8)
  A howler monkey (D:5)
  2 jellies
  3 hounds
  2 orc priests (D:8)
  Crazy Yiuf (D:2)
  A gnoll bouda (D:6)
  An iron imp (D:4)
  A sleepcap (D:4)
  Terence (D:2)
  3 iguanas (D:6)
  4 orc wizards
  7 gnolls
  6 adders
  A shadow imp (D:7)
  An ufetubus (D:5)
  2 worms
  5 dart slugs
  41 orcs
  12 ball pythons
  4 bats
  7 endoplasms
  6 giant cockroaches
  4 goblins
  2 hobgoblins
  3 jackals (D:3)
  12 kobolds
  4 quokkas
  8 frilled lizards (D:2)
  5 rats
191 creatures vanquished.

Notes
Turn   | Place    | Note
-------+----------+-------------------------------------------
     0 | D:1      | boopmooplesden the Gargoyle Gladiator began the quest for
                  | the Orb.
     0 | D:1      | Reached XP level 1. HP: 12/12 MP: 1/1
   127 | D:1      | Reached XP level 2. HP: 17/17 MP: 2/2
   351 | D:1      | Found a faded altar of an unknown god.
   360 | D:1      | Reached XP level 3. HP: 21/21 MP: 3/3
   834 | D:2      | Identified the +0 ring mail of Mezcal {Str+4}
   855 | D:2      | Noticed Terence
   874 | D:2      | Killed Terence
   875 | D:2      | Reached skill level 4 in Staves
   875 | D:2      | Reached skill level 1 in Armour
   896 | D:2      | Reached XP level 4. HP: 27/27 MP: 4/4
  1302 | D:2      | Reached XP level 5. HP: 30/31 MP: 5/5
  1719 | D:2      | Found a runed translucent door.
  1720 | D:2      | Noticed Crazy Yiuf
  1731 | D:2      | Killed Crazy Yiuf
  2475 | D:4      | Reached skill level 5 in Staves
  2496 | D:4      | Reached XP level 6. HP: 35/37 MP: 6/6
  2597 | D:4      | Found an iron altar of Okawaru.
  2638 | D:4      | Became a worshipper of Warmaster Okawaru
  2909 | D:4      | Found a snail-covered altar of Cheibriados.
  3274 | D:5      | Entered Level 5 of the Dungeon
  3350 | D:5      | Reached skill level 6 in Staves
  3364 | D:5      | Noticed an ice beast
  3367 | D:5      | Found a hazy altar of Hepliaklqana.
  3371 | D:5      | Killed an ice beast
  3372 | D:5      | Reached XP level 7. HP: 34/42 MP: 7/7
  3459 | D:5      | Reached skill level 7 in Staves
  3679 | D:5      | Found a staircase to the Ecumenical Temple.
  4062 | D:5      | Identified a scroll of acquirement
  4062 | D:5      | Acquired the +3 lajatang of Supply {drain, rElec rF+ rCorr
                  | Stlth-}
  4327 | D:6      | Reached * piety under Okawaru
  4342 | D:6      | Reached XP level 8. HP: 27/48 MP: 8/8
  4440 | D:6      | Noticed Menkaure
  4452 | D:6      | Killed Menkaure
  4453 | D:6      | Reached skill level 8 in Staves
  4620 | D:6      | Found a shimmering altar of Xom.
  4994 | D:7      | Found a bloodstained altar of Trog.
  5166 | D:7      | Reached ** piety under Okawaru
  5182 | D:7      | Reached skill level 1 in Stealth
  5196 | D:7      | Reached skill level 9 in Staves
  5271 | D:7      | Reached skill level 5 in Fighting
  5423 | D:7      | Found Muitis Ewyd's Antique Weapon Boutique.
  5714 | D:8      | Found Solucs's Neck Hole.
  5714 | D:8      | Noticed Grum
  5725 | D:8      | Killed Grum
  5726 | D:8      | Reached XP level 9. HP: 37/54 MP: 6/9
  5753 | D:8      | Reached skill level 5 in Armour
  5757 | D:8      | Reached skill level 10 in Staves
  5762 | D:8      | Noticed Prince Ribbit
  5772 | D:8      | Killed Prince Ribbit
  5944 | D:8      | Reached *** piety under Okawaru
  6110 | D:8      | Noticed Psyche
  6124 | D:8      | Killed Psyche
  6178 | D:8      | Noticed Joseph
  6187 | D:8      | Killed Joseph
  6199 | D:8      | Noticed Erica
  6207 | D:8      | Killed Erica
  6207 | D:8      | Reached **** piety under Okawaru
  6208 | D:8      | Reached skill level 11 in Staves
  6208 | D:8      | Reached XP level 10. HP: 38/61 MP: 7/10
  6503 | D:8      | Reached skill level 12 in Staves
  6765 | D:8      | Bought a scarf of shadows for 156 gold pieces
  6930 | D:9      | Found a staircase to the Lair.
  7479 | D:9      | Noticed a boulder beetle
  7496 | D:9      | Noticed a tengu warrior
  7537 | D:9      | Slain by a boulder beetle

Illustrated notes

Levels and vault maps discovered:
D:1:      eino_arrival_water_star, layout_basic,
          nicolae_ecumenical_snake_handling
D:2:      layout_basic, minmay_lizard_king, uniq_crazy_yiuf_cottage,
          uniq_terence
D:3:      layout_basic
D:4:      layout_loops_ring, slow_altar_2, mainiacjoe_overflow_24_doors
D:5:      layout_basic, nicolae_hepliaklqana_hazy_memory,
          minmay_temple_entry_large_hall, eino_tiny_chamber
D:6:      layout_cave_pools, lemuel_tele_altar, uniq_menkaure
D:7:      layout_cave_pods, trog_three_pillars_becter, serial_shops,
          nicolae_shop_advertising_works [nicolae_subvault_shop_adworks]
D:8:      layout_basic, nicolae_shop_sticking_my_neck_out, uniq_joseph,
          uniq_prince_ribbit1, uniq_grum, uniq_psyche, uniq_erica
D:9:      layout_roguey, david_lair_shrubbed, minmay_radiant

Skill      XL: |  1  2  3  4  5  6  7  8  9 10 |
---------------+-------------------------------+-----
Staves         | 4 5 6 7 9 11 12 | 12.9
Armour         | 1 2 4 6 |  6.8
Fighting       | 3 4 5 6 7 |  7.7
Stealth        | 1 |  1.4
Dodging        | 3 |  3.8
Throwing       | |  1.8
Invocations    | |  0.6

Action                     |  1- 3 |  4- 6 |  7- 9 | 10-12 || total
---------------------------+-------+-------+-------+-------++-------
  Melee: Quarterstaff      |    79 |   192 |    17 |       ||   288
         Lajatang          |       |       |   171 |   166 ||   337
  Throw: Throwing net      |       |     1 |       |       ||     1
 Invoke: Heroism           |       |       |     2 |     2 ||     4
    Use: Scroll            |     2 |       |    15 |       ||    17
   Stab: Sleeping          |     1 |       |       |       ||     1
 Armour: Leather armour    |    10 |       |       |       ||    10
         Plate armour      |    45 |   145 |   241 |   196 ||   627
  Dodge: Dodged            |    24 |    54 |    84 |    88 ||   250
